NCAA
CLEMSON TIGERS @ STANFORD CARDINAL
04/27/2029
 
TOP OF THE 1ST
Clemson Tigers batting - Pitching for Stanford Cardinal : RHP Matt Ingram
Pitching: RHP Matt Ingram
Batting: LHB Dan Dukes 0-0: Fly out, F7 (Flyball, 7S)
Batting: SHB Brent Boswell 0-0: Ball
1-0: Foul Ball, location: 2F
1-1: Ball
2-1: DOUBLE (Groundball, 3L)
Batting: LHB Pedro Robolledo 0-0: Called Strike
0-1: Swinging Strike
0-2: Foul Ball, location: 2F
0-2: Ball
1-2: Foul Ball, location: 2F
1-2: Ground out 4-3 (Groundball, 4)
Brent Boswell to third
Batting: SHB Ken Hall 0-0: Foul Ball, location: 2F
0-1: Called Strike
0-2: Strikes out swinging
Top of the 1st over - 0 runs, 1 hit, 0 errors, 1 left on base; Clemson 0 - Stanford 0
BOTTOM OF THE 1ST
Stanford Cardinal batting - Pitching for Clemson Tigers : RHP Gary Wilder
Pitching: RHP Gary Wilder
Batting: RHB Dave Bennett 0-0: Called Strike
0-1: Called Strike
0-2: Ball
1-2: Ball
2-2: SOLO HOME RUN (Flyball, 7D), Distance : 346 ft
Batting: LHB Terry Barton 0-0: Swinging Strike
0-1: Ball
1-1: Ball
2-1: Ball
3-1: Swinging Strike
3-2: Foul Ball, location: 2F
3-2: Fly out, F8 (Flyball, 8LD)
Batting: SHB Gary King 0-0: Ball
1-0: Called Strike
1-1: SINGLE (Line Drive, 9S)
Batting: RHB Greg Nichols 0-0: Ball
1-0: Ball
2-0: Ball
3-0: Called Strike
3-1: Base on Balls
Gary King to second
Batting: RHB Rick McDonald 0-0: Ball
1-0: Foul Ball, location: 2F
1-1: Called Strike
1-2: Strikes out swinging
Batting: SHB Jimmy Wilson 0-0: Ground out U3 (Groundball, 34S)
Bottom of the 1st over - 1 run, 2 hits, 0 errors, 2 left on base; Clemson 0 - Stanford 1
TOP OF THE 2ND
Clemson Tigers batting - Pitching for Stanford Cardinal : RHP Matt Ingram
Batting: RHB Garth O'Flahavan 0-0: Foul Ball, location: 2F
0-1: Ball
1-1: Called Strike
1-2: Strikes out looking
Batting: RHB Jimmy Bryan 0-0: Called Strike
0-1: Ball
1-1: Ball
2-1: Swinging Strike
2-2: Strikes out swinging
Batting: RHB Matt Blanton 0-0: Ball
1-0: Ball
2-0: Called Strike
2-1: Foul Ball, location: 2F
2-2: Strikes out looking
Top of the 2nd over - 0 runs, 0 hits, 0 errors, 0 left on base; Clemson 0 - Stanford 1
BOTTOM OF THE 2ND
Stanford Cardinal batting - Pitching for Clemson Tigers : RHP Gary Wilder
Batting: RHB Bill Reed 0-0: Ball
1-0: Ball
2-0: Foul Ball, location: 2F
2-1: Ball
3-1: Ground out 1-3 (Groundball, 13)
Batting: LHB José Soto 0-0: Ball
1-0: Ball
2-0: Swinging Strike
2-1: Foul Ball, location: 2F
2-2: Fly out, F5 (Popup, 56)
Batting: RHB Flint Ballard 0-0: Called Strike
0-1: Ball
1-1: Foul Ball, location: 2F
1-2: Ball
2-2: SOLO HOME RUN (Line Drive, 7LD), Distance : 345 ft
Batting: RHB Dave Bennett 0-0: Ball
1-0: Swinging Strike
1-1: SINGLE (Groundball, 56D)
Batting: LHB Terry Barton 0-0: Ball
1-0: Called Strike
1-1: Ball
Dave Bennett steals 2nd base
2-1: Swinging Strike
2-2: Ball
3-2: Foul Ball, location: 2F
3-2: 2-RUN HOME RUN (Flyball, 7LD), Distance : 329 ft
Batting: SHB Gary King 0-0: Foul Ball, location: 2F
0-1: Ball
1-1: Ball
2-1: Ball
3-1: SINGLE (Groundball, 4MD)
Batting: RHB Greg Nichols 0-0: Fly out, F8 (Flyball, 8RXD)
Bottom of the 2nd over - 3 runs, 4 hits, 0 errors, 1 left on base; Clemson 0 - Stanford 4
TOP OF THE 3RD
Clemson Tigers batting - Pitching for Stanford Cardinal : RHP Matt Ingram
Batting: LHB Jack Heinsohn 0-0: Ball
1-0: Ball
2-0: Foul Ball, location: 2F
2-1: Ball
3-1: Base on Balls
Batting: RHB Zach O'Kelly 0-0: Called Strike
0-1: Ball
1-1: Foul Ball, location: 2F
1-2: Foul Ball, location: 2F
1-2: Strikes out swinging
Batting: LHB Dan Dukes 0-0: Ball
1-0: Ball
2-0: Fielders Choice at 2nd, 4-6 (Groundball, 34)
Batting: SHB Brent Boswell 0-0: Ball
1-0: Ball
2-0: Called Strike
2-1: Ball
3-1: Base on Balls
Dan Dukes to second
Batting: LHB Pedro Robolledo 0-0: SINGLE (Line Drive, 89S)
Dan Dukes to third
Brent Boswell to second
Runner from 3rd tries for Home, throw and OUT!
Top of the 3rd over - 0 runs, 1 hit, 0 errors, 2 left on base; Clemson 0 - Stanford 4
BOTTOM OF THE 3RD
Stanford Cardinal batting - Pitching for Clemson Tigers : RHP Gary Wilder
Batting: RHB Rick McDonald 0-0: Ball
1-0: Ball
2-0: Ball
3-0: Base on Balls
Batting: SHB Jimmy Wilson 0-0: Swinging Strike
0-1: Foul Ball, location: 2F
0-2: SINGLE (Line Drive, 6MD)
Rick McDonald to second
Batting: RHB Bill Reed 0-0: Called Strike
0-1: SINGLE (Groundball, 6MD)
Rick McDonald to third
Jimmy Wilson to second
Batting: LHB José Soto 0-0: Swinging Strike
0-1: Called Strike
0-2: Strikes out swinging
Batting: RHB Flint Ballard 0-0: Fly out, F7 (Flyball, 7S)
Batting: RHB Dave Bennett 0-0: Ball
1-0: Ball
2-0: Called Strike
2-1: Ball
3-1: Base on Balls
Rick McDonald scores
Jimmy Wilson to third
Bill Reed to second
Batting: LHB Terry Barton 0-0: Ground out U3 (Groundball, 3)
Bottom of the 3rd over - 1 run, 2 hits, 0 errors, 3 left on base; Clemson 0 - Stanford 5
TOP OF THE 4TH
Clemson Tigers batting - Pitching for Stanford Cardinal : RHP Matt Ingram
Batting: SHB Ken Hall 0-0: Ball
1-0: Fly out, F7 (Flyball, 7)
Batting: RHB Garth O'Flahavan 0-0: Called Strike
0-1: Foul Ball, location: 2F
0-2: Ball
1-2: Strikes out swinging
Batting: RHB Jimmy Bryan 0-0: Called Strike
0-1: Swinging Strike
0-2: Ball
1-2: Strikes out swinging
Top of the 4th over - 0 runs, 0 hits, 0 errors, 0 left on base; Clemson 0 - Stanford 5
BOTTOM OF THE 4TH
Stanford Cardinal batting - Pitching for Clemson Tigers : RHP Gary Wilder
Batting: SHB Gary King 0-0: Ball
1-0: Called Strike
1-1: Ball
2-1: Fly out, F8 (Flyball, 8RXD)
Batting: RHB Greg Nichols 0-0: Ball
1-0: Called Strike
1-1: Swinging Strike
1-2: Strikes out looking
Batting: RHB Rick McDonald 0-0: SINGLE (Line Drive, 34D)
Pitching: RHP Adam O'Herlihy
Batting: SHB Jimmy Wilson 0-0: Called Strike
0-1: Foul Ball, location: 2F
0-2: Ball
1-2: Ball
2-2: DOUBLE (Flyball, 78D)
Rick McDonald to third
Batting: RHB Bill Reed 0-0: Called Strike
0-1: Ball
1-1: Foul Ball, location: 2F
1-2: Fly out, F7 (Flyball, 78M)
Bottom of the 4th over - 0 runs, 2 hits, 0 errors, 2 left on base; Clemson 0 - Stanford 5
TOP OF THE 5TH
Clemson Tigers batting - Pitching for Stanford Cardinal : RHP Matt Ingram
Batting: RHB Matt Blanton 0-0: Called Strike
0-1: Foul Ball, location: 2F
0-2: Ball
1-2: Ball
2-2: Ball
3-2: Foul Ball, location: 2F
3-2: Foul Ball, location: 2F
3-2: Foul Ball, location: 2F
3-2: Fly out, F9 (Flyball, 89M)
Batting: LHB Jack Heinsohn 0-0: Ground out 6-3 (Groundball, 6D)
Batting: RHB Zach O'Kelly 0-0: Foul Ball, location: 2F
0-1: Ball
1-1: Ball
2-1: Foul Ball, location: 2F
2-2: Foul Ball, location: 2F
2-2: Foul Ball, location: 2F
2-2: Strikes out swinging
Top of the 5th over - 0 runs, 0 hits, 0 errors, 0 left on base; Clemson 0 - Stanford 5
BOTTOM OF THE 5TH
Stanford Cardinal batting - Pitching for Clemson Tigers : RHP Adam O'Herlihy
Batting: LHB José Soto 0-0: Called Strike
0-1: Swinging Strike
0-2: Strikes out swinging
Batting: RHB Flint Ballard 0-0: Ball
1-0: Ball
2-0: Swinging Strike
2-1: Called Strike
2-2: Strikes out swinging
Batting: RHB Dave Bennett 0-0: Called Strike
0-1: Called Strike
0-2: Ball
1-2: Ball
2-2: Foul Ball, location: 2F
2-2: Ball
3-2: Strikes out swinging
Bottom of the 5th over - 0 runs, 0 hits, 0 errors, 0 left on base; Clemson 0 - Stanford 5
TOP OF THE 6TH
Clemson Tigers batting - Pitching for Stanford Cardinal : RHP Matt Ingram
Batting: LHB Dan Dukes 0-0: Called Strike
0-1: Ground out 1-3 (Groundball, 13)
Batting: SHB Brent Boswell 0-0: Fly out, F9 (Line Drive, 9)
Batting: LHB Pedro Robolledo 0-0: Swinging Strike
0-1: Ball
1-1: Ball
2-1: SINGLE (Groundball, 3S) (infield hit)
Pitching: RHP Kyle Sears
Batting: SHB Ken Hall 0-0: Ball
1-0: Fly out, F9 (Flyball, 9LM)
Top of the 6th over - 0 runs, 1 hit, 0 errors, 1 left on base; Clemson 0 - Stanford 5
BOTTOM OF THE 6TH
Stanford Cardinal batting - Pitching for Clemson Tigers : RHP Adam O'Herlihy
Batting: LHB Terry Barton 0-0: Ball
1-0: Called Strike
1-1: Fly out, F9 (Flyball, 9S)
Batting: SHB Gary King 0-0: Ball
1-0: Foul Ball, location: 2F
1-1: Foul Ball, location: 2F
1-2: Strikes out looking
Batting: RHB Greg Nichols 0-0: Ball
1-0: Ball
2-0: Ball
3-0: Base on Balls
Batting: RHB Rick McDonald 0-0: SINGLE (Line Drive, 9S)
Greg Nichols to second
Batting: SHB Jimmy Wilson 0-0: Called Strike
0-1: Ball
1-1: Swinging Strike
1-2: Strikes out looking
Bottom of the 6th over - 0 runs, 1 hit, 0 errors, 2 left on base; Clemson 0 - Stanford 5
TOP OF THE 7TH
Clemson Tigers batting - Pitching for Stanford Cardinal : RHP Kyle Sears
Now at 1B: José Trindade
Batting: RHB Garth O'Flahavan 0-0: Called Strike
0-1: Foul Ball, location: 2F
0-2: Strikes out swinging
Batting: RHB Jimmy Bryan 0-0: Ball
1-0: Swinging Strike
1-1: Called Strike
1-2: Strikes out looking
Batting: RHB Matt Blanton 0-0: Fly out, F9 (Flyball, 9S)
Top of the 7th over - 0 runs, 0 hits, 0 errors, 0 left on base; Clemson 0 - Stanford 5
BOTTOM OF THE 7TH
Stanford Cardinal batting - Pitching for Clemson Tigers : RHP Adam O'Herlihy
Batting: RHB Bill Reed 0-0: Called Strike
0-1: SINGLE (Line Drive, 8LS)
Batting: LHB José Soto 0-0: Swinging Strike
0-1: Called Strike
0-2: Foul Ball, location: 2F
0-2: Strikes out swinging
Batting: RHB Flint Ballard 0-0: Ball
1-0: Fly out, F6 (Line Drive, 6)
Batting: RHB Dave Bennett 0-0: Called Strike
0-1: Ball
1-1: Ball
2-1: SINGLE (Groundball, 34D)
Bill Reed to second
Runner from 2nd tries for 3rd, SAFE, throw made to third
Batting: LHB Terry Barton 0-0: Called Strike
0-1: Called Strike
0-2: DOUBLE (Line Drive, 78XD)
Bill Reed scores
Dave Bennett to third
Runner from 3rd tries for Home, SAFE, no throw
Batting: SHB Gary King 0-0: Foul Ball, location: 2F
0-1: Ball
1-1: SINGLE (Line Drive, 89S)
Terry Barton to third
Batting: LHB José Trindade 0-0: Ball
1-0: Reached on error, E6 (Groundball, 6)
Terry Barton scores
Gary King to second
Batting: RHB Rick McDonald 0-0: Ball
1-0: Ball
2-0: Ball
3-0: Called Strike
3-1: Base on Balls
Gary King to third
José Trindade to second
Batting: SHB Jimmy Wilson 0-0: Fly out, F7 (Flyball, 7)
Bottom of the 7th over - 3 runs, 4 hits, 1 error, 3 left on base; Clemson 0 - Stanford 8
TOP OF THE 8TH
Clemson Tigers batting - Pitching for Stanford Cardinal : RHP Kyle Sears
Now at C: Aaron Grant
Batting: LHB Jack Heinsohn 0-0: Called Strike
0-1: Foul Ball, location: 2F
0-2: Ball
1-2: Strikes out looking
Batting: RHB Zach O'Kelly 0-0: Called Strike
0-1: Called Strike
0-2: Ball
1-2: Ball
2-2: Ball
3-2: Base on Balls
Batting: LHB Dan Dukes 0-0: Called Strike
0-1: Swinging Strike
0-2: Ball
1-2: Foul Ball, location: 2F
1-2: Strikes out swinging
Batting: SHB Brent Boswell 0-0: Fly out, F9 (Flyball, 9S)
Top of the 8th over - 0 runs, 0 hits, 0 errors, 1 left on base; Clemson 0 - Stanford 8
BOTTOM OF THE 8TH
Stanford Cardinal batting - Pitching for Clemson Tigers : RHP Adam O'Herlihy
Batting: RHB Aaron Grant 0-0: Ball
1-0: Called Strike
1-1: Ball
2-1: Fly out, F6 (Line Drive, 6)
Batting: LHB José Soto 0-0: Ball
1-0: Ground out 6-3 (Groundball, 6)
Batting: RHB Flint Ballard 0-0: Ball
1-0: Fly out, F8 (Flyball, 8RXD)
Bottom of the 8th over - 0 runs, 0 hits, 0 errors, 0 left on base; Clemson 0 - Stanford 8
TOP OF THE 9TH
Clemson Tigers batting - Pitching for Stanford Cardinal : RHP Kyle Sears
Batting: LHB Pedro Robolledo 0-0: Called Strike
0-1: Hit by Pitch
Batting: SHB Ken Hall 0-0: Swinging Strike
0-1: Called Strike
0-2: 2-RUN HOME RUN (Line Drive, 9D), Distance : 353 ft
Batting: RHB Garth O'Flahavan 0-0: Foul Ball, location: 2F
0-1: Ball
1-1: Ball
2-1: Swinging Strike
2-2: Strikes out swinging
Batting: RHB Jimmy Bryan 0-0: SINGLE (Groundball, 56) (infield hit)
Batting: RHB Matt Blanton 0-0: Ball
1-0: Called Strike
1-1: Ball
2-1: Foul Ball, location: 2F
2-2: Strikes out looking
Batting: LHB Jack Heinsohn 0-0: Called Strike
0-1: Foul Ball, location: 2F
0-2: Strikes out looking
Top of the 9th over - 2 runs, 2 hits, 0 errors, 1 left on base; Clemson 2 - Stanford 8
Saturday, December 16th, 2017 - OOTP Baseball 18.8 Build 76